 Dungeon Crawl Stone Soup version 0.27.1 (webtiles) character file.

Game seed: 141975037855482539

793 Destapler the Skirmisher (level 7, 0/78 HPs)
             Began as an Ogre Berserker on Aug 28, 2021.
             Was a Believer of Trog.
             Slain by a killer bee (5 damage)
             ... on level 5 of the Dungeon.
             The game lasted 00:09:01 (4975 turns).

Destapler the Skirmisher (Ogre Berserker)           Turns: 4975, Time: 00:09:02

Health: 0/78       AC:  4    Str: 24    XL:     7   Next: 88%
Magic:  7/7        EV:  8    Int:  8    God:    Trog [**....]
Gold:   186        SH:  8    Dex:  8    Spells: 6/6 levels left

rFire    . . .     SeeInvis .   o - +4 dagger (venom)
rCold    . . .     Faith    .   x - +0 kite shield
rNeg     . . .     Spirit   .   b - +0 animal skin
rPois    .         Reflect  .   (helmet restricted)
rElec    .         Harm     .   r - +0 cloak
rCorr    .         Rampage  .   (gloves unavailable)
Will     ++...                  (boots unavailable)
Stlth    +.........             d - amulet of the acrobat
HPRegen  1.23/turn              (no ring)
MPRegen  0.10/turn              (no ring)

@: lethally poisoned (0 -> -1), strong-willed, on berserk cooldown,
regenerating, slowed, very slow
A: large, unfitting armour, tough skin 1
a: Renounce Religion, Berserk, Trog's Hand


You were on level 5 of the Dungeon.
You worshipped Trog.
Trog was pleased with you.
You visited 1 branch of the dungeon, and saw 6 of its levels.

You collected 186 gold pieces.

Inventory:

Hand Weapons
 a - a +0 hand axe
 i - a +1 short sword of draining
 o - a +4 dagger of venom (weapon)
Missiles
 n - 6 poisoned darts (quivered)
 t - 2 throwing nets
Armour
 b - a +0 animal skin (worn)
 r - a +0 cloak (worn)
 x - a +0 kite shield (worn)
Jewellery
 d - an amulet of the acrobat (around neck)
Scrolls
 e - a scroll of brand weapon {unknown}
 g - 4 scrolls of identify {unknown}
 j - 4 scrolls of enchant armour {unknown}
 k - 2 scrolls of teleportation {unknown}
 m - a scroll of immolation {unknown}
 p - a scroll of blinking {unknown}
 s - a scroll of noise {unknown}
 v - a scroll of holy word {unknown}
 w - a scroll of summoning {unknown}
 y - a scroll of fear {unknown}
Potions
 c - 2 potions of berserk rage {unknown}
 f - a potion of invisibility {unknown}
 h - 2 potions of heal wounds {unknown}
 l - a potion of haste {unknown}
 q - a potion of flight {unknown}
 u - a potion of brilliance {unknown}


   Skills:
 + Level 7.1 Fighting
 - Level 3.9 Axes
 + Level 3.3 Throwing
 + Level 4.8 Dodging
 + Level 3.0 Shields


You had 6 spell levels left.
You didn't know any spells.
Your spell library contained the following spells:

 Spells                   Type           Power      Damage    Failure   Level
 Corona                   Hex            0%         N/A       83%         1
 Ensorcelled Hibernation  Hex/Ice        0%         N/A       93%         2
 Slow                     Hex            0%         N/A       93%         2
 Confusing Touch          Hex            0%         N/A       99%         3
 Tukima's Dance           Hex            0%         N/A       99%         3
 Vampiric Draining        Necr           0%         2d6       99%         3


Dungeon Overview and Level Annotations

Branches:
Dungeon (6/15)             Temple (0/1) D:4

Altars:
Fedhas
Makhleb
Zin


Innate Abilities, Weirdness & Mutations

You are too large for most types of armour.
You have tough skin. (AC +1)


Message History

The killer bee stings you. x2
* * * LOW HITPOINT WARNING * * *
The killer bee stings you.
* * * LOW HITPOINT WARNING * * *
The killer bee stings you but does no damage.
You block the killer bee's attack.
You feel very sick.
You barely miss the killer bee.
You feel very sick. The killer bee closely misses you.
You block the killer bee's attack.
You puncture the killer bee!
The killer bee is poisoned.
The killer bee is severely wounded.
You feel very sick.
The killer bee barely misses you. x2; You block the killer bee's attack.
The killer bee closely misses you.
You puncture the killer bee!
You kill the killer bee!
Trog accepts your kill.
You feel sick.
The killer bee stings you but does no damage.
The killer bee barely misses you.
Your Shields skill increases to level 3!
You barely miss the killer bee.
You are no longer berserk.
You are exhausted.
You feel yourself slow down.
You feel very sick. You block the killer bee's attack. x2
The killer bee stings you but does no damage.
Your skin crawls.
You feel strong-willed.
You feel very sick. The killer bee barely misses you.
The killer bee stings you.
* * * LOW HITPOINT WARNING * * *
The killer bee stings you.
* * * LOW HITPOINT WARNING * * *
The killer bee stings you.
* * * LOW HITPOINT WARNING * * *
The killer bee stings you.
You die...

#.............#
##########.............###
............#######.......
............#.....+....<..
............#.....#.......
.......)....#.....#.......
............#.....#.......
............#.....#.......
.........@y.#....##.......
+#########y##....#.....###
................#.....#..
.......)........#.....#..
................#.....#..
................'.....#..
y...............#.....#[.
................#.....+..
##...#######+##.#.....###


You could see 2 killer bees.

Vanquished Creatures
  A phantom (D:5)
  A bullfrog (D:4)
  A scorpion (D:5)
  2 killer bees (D:5)
  A bullfrog zombie (D:5)
  A jelly (D:5)
  A hound (D:4)
  2 orc priests (D:4)
  2 centaur skeletons
  Terence (D:2)
  Jessica (D:3)
  2 iguanas (D:4)
  2 orc wizards (D:4)
  4 gnolls
  5 adders
  2 dart slugs
  10 orcs
  4 endoplasms
  3 giant cockroaches
  3 goblins
  A hobgoblin (D:4)
  A quokka (D:2)
  9 ball pythons
  A bat (D:1)
  8 frilled lizards
  2 kobolds
  3 rats
74 creatures vanquished.

Vanquished Creatures (others)
  8 plants (D:4)
8 creatures vanquished.

Grand Total: 82 creatures vanquished

Notes
Turn   | Place    | Note
-------+----------+-------------------------------------------
     0 | D:1      | Destapler the Ogre Berserker began the quest for the Orb.
     0 | D:1      | Reached XP level 1. HP: 24/24 MP: 1/1
   403 | D:1      | Reached XP level 2. HP: 32/32 MP: 2/2
   928 | D:2      | Noticed Terence
   942 | D:2      | Killed Terence
   943 | D:2      | Reached XP level 3. HP: 33/37 MP: 3/3
  1108 | D:2      | Found a faded altar of an unknown god.
  1343 | D:3      | Found a glowing silver altar of Zin.
  1661 | D:3      | Reached XP level 4. HP: 48/48 MP: 4/4
  1677 | D:3      | Reached skill level 5 in Fighting
  1873 | D:3      | Found a burning altar of Makhleb.
  1960 | D:3      | Noticed Jessica
  1967 | D:3      | Killed Jessica
  2171 | D:4      | Noticed a bullfrog
  2180 | D:4      | Killed a bullfrog
  2181 | D:4      | Reached XP level 5. HP: 44/57 MP: 5/5
  2286 | D:4      | Reached skill level 1 in Throwing
  2286 | D:4      | Reached skill level 1 in Shields
  2437 | D:4      | Found a staircase to the Ecumenical Temple.
  2455 | D:4      | Reached XP level 6. HP: 66/67 MP: 6/6
  2468 | D:4      | Reached skill level 6 in Fighting
  2482 | D:4      | Reached ** piety under Trog
  3817 | D:5      | Entered Level 5 of the Dungeon
  3827 | D:4      | Reached XP level 7. HP: 56/76 MP: 7/7
  4753 | D:5      | Found a blossoming altar of Fedhas.
  4969 | D:5      | Reached skill level 7 in Fighting
  4975 | D:5      | Slain by a killer bee

Illustrated notes

Levels and vault maps discovered:
D:1:      minmay_arrival_four_circles, layout_loops_ring
D:2:      layout_rooms, hellmonk_ecumenical_altar_heavens_door, uniq_terence
D:3:      layout_basic, bloody_makhleb, zin_academy, serial_glass,
          glass_columns_a, glass_columns_b, item_on_display_a,
          due_unseen_surprise, minmay_strange_pillars, uniq_jessica
D:4:      layout_loops_corners, minmay_temple_entry_mini_moons,
          minmay_lizard_king
D:5:      layout_gridville, fedhas_ov_isle_minmay, nicolae_uskayaw_suspiria
D:6:      minmay_skewed_foursquare, layout_layer_cave,
          mainiacjoe_overflow_brackets, ebering_dispersal_statue_hall,
          st_stairs_12, chequers_mini_garden, chequers_serial_rivers_small_a,
          roderic_roman_lattice, uniq_blork_the_orc

Skill      XL: |  1  2  3  4  5  6  7 |
---------------+----------------------+-----
Dodging        | 3 4 |  4.8
Fighting       | 5 6 7 |  7.1
Throwing       | 1 2 3 |  3.3
Shields        | 1 2 3 |  3.0
Axes           | |  3.9

Action                   |  1- 3 |  4- 6 |  7- 9 || total
-------------------------+-------+-------+-------++-------
Melee: Hand axe          |    34 |       |       ||    34
       Short sword       |    32 |    14 |       ||    46
       Dagger            |       |   106 |    65 ||   171
Throw: Dart              |       |     4 |     8 ||    12
Invok: Berserk           |     3 |     1 |     3 ||     7
       Trog's Hand       |       |       |     1 ||     1
Armor: Animal skin       |    12 |    20 |    24 ||    56
Dodge: Dodged            |    37 |    54 |    42 ||   133
Block: Kite shield       |       |       |    12 ||    12
